 Dungeon Crawl Stone Soup version 0.30-a0-578-gdee14c521f (webtiles) character file.

Game seed: 11996719598082626801

1 Newt the Ducker (level 1, 0/16 HPs)
             Began as a Demonspawn Gladiator on Dec 31, 2022.
             Slain by a jackal (3 damage)
             ... on level 1 of the Dungeon.
             The game lasted 00:00:05 (30 turns).

Newt the Ducker (Demonspawn Gladiator)                Turns: 30, Time: 00:00:06

Health: 0/16       AC:  4    Str: 14    XL:     1   Next: 16%
Magic:  1/1        EV: 12    Int:  9    God:
Gold:   0          SH:  0    Dex: 14    Spells: 0/0 levels left

rFire   . . .      SeeInvis .    a - +0 rapier
rCold   . . .      Faith    .    (no shield)
rNeg    . . .      Spirit   .    b - +0 leather armour
rPois   .          Reflect  .    c - +0 helmet
rElec   .          Harm     .    (no cloak)
rCorr   .          Rampage  .    (no gloves)
Will    .....                    (no boots)
Stlth   +                        (no amulet)
HPRegen 0.22/turn                (no ring)
MPRegen 0.07/turn                (no ring)

@: no status effects
A: no striking features
a: no special abilities


You were on level 1 of the Dungeon.
You visited 1 branch of the dungeon, and saw 1 of its levels.

Inventory:

Hand Weapons
 a - a +0 rapier (weapon)
Missiles
 d - 3 throwing nets (quivered)
 e - a javelin
Armour
 b - a +0 leather armour (worn)
 c - a +0 helmet (worn)


   Skills:
 - Level 2.0 Fighting
 - Level 2.6 Short Blades
 - Level 1.7 Throwing
 - Level 2.6 Dodging
 + Level 0.4 Stealth


You couldn't memorise any spells.
You didn't know any spells.
Your spell library was empty.

Dungeon Overview and Level Annotations

Branches:
Dungeon (1/15)

Altars:


Message History

The jackal bites you but does no damage.
You hit the jackal.
The jackal is moderately wounded.
The jackal bites you but does no damage.
The jackal misses you. The jackal bites you.
You barely miss the jackal.
The jackal is moderately wounded.
The jackal bites you.
You hit the jackal.
The jackal is heavily wounded.
The jackal misses you. The jackal bites you.
You are too injured to fight recklessly!
There are monsters nearby!
You are too injured to fight recklessly!
You hit the jackal.
The jackal is almost dead.
The jackal barely misses you. The jackal closely misses you. x2
You barely miss the jackal.
The jackal is almost dead.
The jackal barely misses you. The jackal misses you.
The jackal closely misses you. x3
You closely miss the jackal.
The jackal is almost dead.
The jackal closely misses you.
The jackal bites you but does no damage.
The jackal misses you. The jackal barely misses you.
You hit the jackal.
You kill the jackal!
The jackal bites you. The jackal closely misses you. The jackal misses you. x2
You closely miss the jackal.
The jackal is heavily wounded.
The jackal misses you. The jackal barely misses you.
The jackal bites you but does no damage.
You barely miss the jackal.
The jackal is heavily wounded.
The jackal bites you but does no damage.
The jackal bites you.
* * * LOW HITPOINT WARNING * * *
The jackal bites you.
You die...

+### ...######
........####
....⌠......## #
............#######.#
................hh..#
................@h..#
................###.....
..............∩..# .##
.................#
...........∩..♣§.#
..♣.....∩..[....##
....§∩..§.§.~§§##
<...§§.§§§§~~§##
....§§§§§§§~~##


You could see 3 jackals.

Vanquished Creatures
  A jackal (D:1)
1 creature vanquished.

Notes
Turn   | Place    | Note
-------+----------+-------------------------------------------
     0 | D:1      | Newt the Demonspawn Gladiator began the quest for the Orb.
     0 | D:1      | Reached XP level 1. HP: 16/16 MP: 1/1
    30 | D:1      | Slain by a jackal

Illustrated notes

Levels and vault maps discovered:
D:1:      tekkud_arrival_beachfront_property, layout_basic, minmay_fountain_box

Action                   || total
-------------------------++-------
Melee: Rapier            ||    11
Armor: Leather armour    ||     6
Dodge: Dodged            ||    19

Table legend: (Time is in decaauts)
 A = Elapsed time spent in this place.
 B = Non-inter-level travel time spent in this place.
 C = Inter-level travel time spent in this place.
 D = Time resting spent in this place.
 E = Time spent auto-exploring this place.
 F = Levels seen in this place.
 G = Mean time per level.
                   A        B        C        D        E       F      G
               +--------+--------+--------+--------+--------+-----+--------+
         Total |     30 |     30 |      0 |      0 |     16 |   1 |   30.0 |
       Dungeon |     30 |     30 |      0 |      0 |     16 |   1 |   30.0 |
               +--------+--------+--------+--------+--------+-----+--------+

Top non-repeatable levels by time:
     D:1: 30 daAuts
